 Dungeon Crawl Stone Soup version 0.21.1-1-g345015fe64 (webtiles) character file.

212383 WBergamot the Peltast (level 18, -18/166 HPs)
             Began as a Hill Orc Fighter on July 15, 2018.
             Was the Champion of Beogh.
             Killed by the raging water
             ... invoked by a water nymph
              (38 damage)
             ... on level 4 of the Shoals on July 18, 2018.
             The game lasted 05:50:41 (41573 turns).

WBergamot the Peltast (Hill Orc Fighter)           Turns: 41573, Time: 05:50:41

Health: -18/166    AC: 27    Str: 32    XL:     18   Next: 92%
Magic:  28/29      EV:  7    Int: 14    God:    Beogh [******]
Gold:   1102       SH:  4    Dex: 10    Spells: 17/17 levels left

rFire    x . .     SeeInvis .   P - +9 spear "Loemulei" {elec, rElec rN+ Int+2}
rCold    + . .     Gourm    .   (no shield)
rNeg     + . .     Faith    .   J - +0 crystal plate armour
rPois    +         Spirit   .   j - +0 helmet of the Commoners {Str+2 Int+4}
rElec    +         Reflect  +   R - scarf {repulsion}
rCorr    .         Harm     .   X - +1 pair of gloves {Str+3}
MR       +....                  (no boots)
Stlth    ..........             F - +4 amulet of reflection
HPRegen  0.37/turn              h - ring of ice
MPRegen  0.21/turn              S - ring of poison resistance

@: repel missiles
A: walk on water
}: 1/15 runes: serpentine
a: Smiting, Recall Orcish Followers, Give Item to Named Follower, Resurrection,
Renounce Religion


You were on level 4 of the Shoals.
You worshipped Beogh.
Beogh was exalted by your worship.
You were not hungry.

You visited 5 branches of the dungeon, and saw 29 of its levels.
You also visited: Sewer and Bailey.

You collected 1535 gold pieces.
You spent 433 gold pieces at shops.

Inventory:

Hand Weapons
 a - a +5 war axe of freezing
 y - a +2 trident of freezing
 P - the +9 spear "Loemulei" (weapon) {elec, rElec rN+ Int+2}
   (You found it on level 7 of the Dungeon)

   Occasionally, upon striking a foe, it will discharge some electrical energy
   and cause terrible harm.
   It affects your intelligence (+2).
   It insulates you from electricity.
   It protects you from negative energy.
 V - a +3 trident of flaming
 Y - a +2 halberd of venom
Armour
 c - a +3 plate armour of cold resistance
 g - a +0 large shield of protection
 j - the +0 helmet of the Commoners (worn) {Str+2 Int+4}
   (You acquired it on level 4 of the Shoals)

   It affects your strength (+2).
   It affects your intelligence (+4).
 A - a +1 helmet of see invisible
 J - a +0 crystal plate armour (worn)
 R - a scarf of repulsion (worn)
 X - a +1 pair of gloves of strength (worn)
Jewellery
 h - a ring of ice (left hand)
 n - a +2 ring of protection
 s - a +2 ring of evasion
 t - an uncursed ring of protection from magic
 z - an uncursed ring of protection from fire
 D - an uncursed ring of resist corrosion
 F - a +4 amulet of reflection (around neck)
 I - an uncursed ring of flight
 S - a ring of poison resistance (right hand)
Wands
 b - a wand of iceblast (5)
 v - a wand of flame (15)
 L - a wand of acid (5)
 M - a wand of random effects (19)
 O - a wand of clouds (11)
 Q - a wand of scattershot (1)
Scrolls
 i - 2 scrolls of enchant weapon
 p - 16 scrolls of teleportation
 q - 4 scrolls of blinking
 u - 8 scrolls of magic mapping
 x - a scroll of silence
 C - a scroll of brand weapon
 G - 2 scrolls of identify
 T - 4 scrolls of remove curse
 Z - 4 scrolls of fog
Potions
 d - 5 potions of might
 e - 5 potions of lignification
 k - 7 potions of flight
 l - a potion of resistance
 m - 6 potions of curing
 o - 2 potions of heal wounds
 r - a potion of magic
 w - 7 potions of brilliance
 B - 6 potions of ambrosia
 E - 7 potions of agility
 H - 3 potions of haste
 U - 2 potions of cancellation
Miscellaneous
 W - a lightning rod (4/4)
Comestibles
 f - 40 rations


   Skills:
 + Level 16.0 Fighting
 - Level 14.6(17.1) Axes
 + Level 13.1(15.0) Polearms
 + Level 14.8 Armour
 * Level 19.8 Shields
 + Level 14.8 Invocations


You had 17 spell levels left.
You didn't know any spells.

Dungeon Overview and Level Annotations

Branches:
Dungeon (14/15)            Temple (1/1) D:5            Lair (6/6) D:11
 Shoals (4/4) Lair:4        Snake (4/4) Lair:3        Slime (0/5) Lair:5
    Orc (0/2) D:11         Vaults (0/5) D:13

Altars:
Ashenzari
Cheibriados
Dithmenos
Elyvilon
Fedhas
Gozag
Hepliaklqana
Kikubaaqudgha
Makhleb
Nemelex Xobeh
Okawaru
Qazlal
Ru
Sif Muna
Uskayaw
Vehumet
Wu Jian
Xom
Yredelemnul
Zin
The Shining One

Shops:
D:4 [   D:11 [   Shoals:3 *

Annotations:
D:12 potions


Message History

* * * LOW HITPOINT WARNING * * *
You puncture the merfolk aquamancer!
Lightning courses through the merfolk aquamancer!
You kill the merfolk aquamancer!
Beogh accepts your kill.
You hear a splash. x2
You are engulfed in a cloud of scalding steam.
The snapping turtle barely misses you. The sea snake bites you.
* * * LOW HITPOINT WARNING * * *
The water nymph points at you and mumbles some strange words.
The water swirls and strikes you!
* * * LOW HITPOINT WARNING * * *
The sea snake is engulfed in a cloud of scalding steam.
The sea snake misses you.
Wargrak hits the sea snake with a +3 trident of freezing!!
The sea snake seems to slow down.
Wargrak freezes the sea snake.
You feel much better.
The water nymph points at you and mumbles some strange words.
The water swirls and strikes you!
You die...

...)..≈###≈≈ # ......≈##≈
.≈≈ ≈≈≈≈≈≈≈ ≈....≈≈≈#≈.
≈#≈ ≈≈≈≈≈≈≈ .....≈≈≈# ≈≈
≈≈ ≈≈≈≈≈≈≈
.<..≈≈≈##≈≈#≈#m# ≈≈≈≈≈≈≈
..≈≈≈≈≈# ≈≈H≈t ≈≈≈≈≈≈≈
≈≈≈≈≈≈≈### #≈t##≈≈≈≈≈≈≈
≈≈≈≈≈≈≈≈≈#######S§§≈≈≈≈≈≈
≈≈≈≈≈≈≈≈≈##≈#≈#o@≈§≈≈≈≈≈≈
≈≈≈≈≈≈≈≈≈≈≈≈≈≈≈≈≈≈§§§§≈≈≈
≈≈≈≈≈≈≈≈≈≈≈≈≈≈≈≈≈≈§≈§≈≈≈≈
≈≈≈≈≈≈≈≈≈≈≈≈≈≈≈≈≈≈≈§≈§≈≈≈
≈≈≈≈≈≈≈≈≈≈≈≈≈≈≈≈≈≈≈§≈§≈≈≈
≈≈≈≈≈≈≈≈≈≈≈≈≈≈≈≈≈≈≈§≈≈≈≈≈
≈≈≈≈≈≈≈≈≈≈≈≈≈≈≈≈≈≈≈≈≈≈≈≈≈
≈≈≈≈≈≈≈≈≈≈≈≈≈≈≈≈≈≈≈≈≈≈≈≈≈
≈≈≈≈≈≈≈≈≈≈≈≈≈≈≈≈≈≈≈≈≈≈


You could see an alligator snapping turtle, a sea snake, a snapping turtle, a
water nymph and the friendly Wargrak the orc warlord.

Vanquished Creatures
  Mara (Shoals:3)
  The ghost of Schimscham the Devastator, an adept DsFE of Sif Muna (Snake:1)
  Gastronok (D:11)
  Agnes (Snake:3)
  A tengu reaver (D:14)
  3 nagarajas (Snake:4)
  Roxanne (Snake:1)
  Ilsuiw (Shoals:4)
  3 dire elephants (Lair:6)
  4 merfolk javelineers
  5 merfolk impalers
  14 naga warriors
  4 merfolk avatars
  A vault guard (D:13)
  5 hydras
  5 two-headed ogres
  4 merfolk aquamancers
  8 anacondas
  A satyr (Shoals:2)
  The ghost of Gunterle the Cleaver, a novice FoFi of Okawaru (D:8)
  A deep troll earth mage (D:14)
  2 tengu warriors (D:13)
  4 naga sharpshooters
  Sonja (Lair:3)
  2 shock serpents
  5 sea snakes
  2 salamander mystics
  2 unseen horrors
  A swamp dragon (Lair:5)
  3 naga ritualists
  6 harpies (Shoals:4)
  2 cyclopes
  A wolf spider (D:14)
  The ghost of Fascinator the Slasher, a novice DsFi of Makhleb (D:6)
  A deep elf mage (D:14)
  3 oklob plants (Lair:5)
  12 mana vipers
  10 fauns
  13 salamanders
  5 elephants (Lair:6)
  3 ugly things
  Joseph (D:8)
  12 manticores
  2 merfolk sirens (Shoals:4)
  6 guardian serpents
  18 black mambas
  14 naga magi
  4 spiny frogs
  3 water nymphs
  2 gargoyles
  A kobold demonologist (D:11)
  2 centaur skeletons
  7 komodo dragons
  3 rime drakes
  22 merfolk
  5 snapping turtles
  12 blink frogs
  Prince Ribbit (D:8)
  4 trolls
  6 hippogriffs
  The ghost of Dommiel19 the Spear-Bearer, an amateur MfGl of Makhleb (D:5)
  4 slime creatures (D:11)
  A dream sheep (Shoals:1)
  4 water elementals
  21 yaks
  4 wyverns
  4 hogs (D:9)
  A human (D:9)
  A hungry ghost (D:14)
  A steam dragon (D:11)
  2 acid dragons (D:14)
  51 nagas
  The ghost of Holzbalken the Cudgeler, an amateur GrMo (D:3)
  9 water moccasins
  7 porcupines
  Duvessa (D:4)
  5 ice beasts
  7 orc warriors
  A phantom (D:6)
  2 black bears
  2 eyes of draining
  2 necrophages
  4 wolves
  6 ogres
  14 crocodiles
  6 centaurs
  8 big kobolds
  A wyvern zombie (D:11)
  9 bullfrogs
  Dowan (D:4)
  4 scorpions
  15 killer bees
  A vampire bat (Lair:2)
  4 wights
  2 howler monkeys
  An electric eel (Lair:3)
  3 crimson imps
  3 centaur zombies
  A quasit (D:9)
  5 hounds
  2 gnoll shamans
  6 jellies
  8 orc priests
  13 orc wizards
  2 bullfrog skeletons
  7 hell rats (Lair:6)
  4 iguanas
  Natasha (thrice) (D:3)
  11 worker ants
  A hound zombie (D:8)
  A hound skeleton (D:10)
  A howler monkey zombie (D:6)
  4 worker ant zombies
  Robin (D:3)
  7 gnolls
  20 adders
  3 oozes
  An adder skeleton (D:6)
  2 worms
  2 dart slugs (D:1)
  7 leopard geckos
  39 orcs
  12 bats
  8 giant cockroaches
  18 goblins
  11 hobgoblins
  8 jackals
  40 kobolds
  3 quokkas
  4 ball pythons
  8 frilled lizards
  2 jackal zombies
  A leopard gecko zombie (D:7)
  A quokka skeleton (D:7)
  A quokka zombie (D:5)
  11 rats
  5 plants
  4 tentacles (Shoals:4)
772 creatures vanquished.

Vanquished Creatures (collateral kills)
  Jorgrun (Shoals:4)
  2 krakens (Shoals:4)
  A storm dragon (D:14)
  5 nagarajas
  Aizul (Shoals:1)
  A very ugly thing (D:14)
  3 dire elephants (Lair:6)
  Snorg (Lair:4)
  5 merfolk impalers
  7 vault guards (D:13)
  2 hydras
  19 naga warriors
  2 merfolk avatars
  3 anacondas
  A centaur warrior (D:14)
  A merfolk aquamancer (Shoals:3)
  A death knight (D:14)
  A satyr (Shoals:4)
  3 shock serpents
  8 naga sharpshooters
  A deep elf knight (D:14)
  4 sea snakes
  5 naga ritualists
  A wizard (D:14)
  3 mana vipers
  An orc knight (D:14)
  A deep elf mage (D:14)
  8 harpies (Shoals:4)
  6 ugly things
  4 salamanders
  9 manticores
  10 elephants (Lair:6)
  3 cyclopes
  6 fauns
  A centaur zombie (D:14)
  3 merfolk sirens (Shoals:4)
  9 black mambas
  4 guardian serpents (Snake:4)
  5 naga magi
  2 water nymphs
  A gargoyle (D:14)
  2 rime drakes
  4 spiny frogs
  3 centaur skeletons
  A freezing wraith (D:14)
  A komodo dragon (Lair:5)
  An efreet (D:14)
  19 merfolk
  A hornet (D:13)
  A wind drake (Shoals:1)
  21 blink frogs
  A dream sheep (Shoals:1)
  6 hippogriffs
  4 snapping turtles
  A wraith (D:14)
  A redback (D:14)
  8 water elementals
  A wyvern (D:14)
  11 yaks
  2 hungry ghosts
  3 basilisks
  27 nagas
  6 water moccasins
  A porcupine (Lair:2)
  An orc warrior (D:12)
  A hornet zombie (D:14)
  A black bear (Lair:5)
  A sky beast (D:12)
  An ogre (D:12)
  5 wolves
  A centaur (Shoals:2)
  5 crocodiles
  5 bullfrogs
  2 scorpions
  A howler monkey (D:14)
  4 wights
  2 hounds
  A jelly (D:14)
  A quasit (D:12)
  A worker ant (D:12)
  3 shadow imps (D:14)
  An orc (D:12)
  A bush (Lair:6)
  12 fungi
  21 plants
  5 tentacles (Shoals:4)
357 creatures vanquished.

Vanquished Creatures (others)
  An orc warlord (Snake:1)
  A satyr (Shoals:3)
  3 orc knights (D:14)
  2 naga sharpshooters (Snake:4)
  2 fauns (Shoals:3)
  A naga mage (Snake:4)
  2 orc warriors
  A water elemental (Shoals:3)
  A centaur (D:14)
  2 orc priests
  A centaur skeleton (D:6)
  5 orcs
  7 fungi
  9 plants
  6 tentacles (Shoals:4)
44 creatures vanquished.

Grand Total: 1173 creatures vanquished

Notes
Turn   | Place    | Note
-------+----------+-------------------------------------------
     0 | D:1      | WBergamot the Hill Orc Fighter began the quest for the Orb.
     0 | D:1      | Reached XP level 1. HP: 19/19 MP: 1/1
    95 | D:1      | Reached XP level 2. HP: 17/27 MP: 2/2
  1114 | D:2      | Reached XP level 3. HP: 31/33 MP: 3/3
  1380 | D:2      | Reached skill level 4 in Shields
  1392 | D:2      | Reached XP level 4. HP: 26/40 MP: 4/4
  1777 | D:2      | Found a white marble altar of Elyvilon.
  2318 | D:3      | Noticed Robin
  2611 | D:2      | Reached XP level 5. HP: 36/47 MP: 5/5
  2695 | D:3      | Killed Robin
  2763 | D:3      | Noticed Holzbalken's ghost (amateur GrMo)
  2800 | D:2      | Reached skill level 5 in Axes
  3091 | D:3      | Noticed Natasha
  3104 | D:3      | Reached XP level 6. HP: 35/53 MP: 6/6
  3106 | D:3      | Killed Natasha
  3249 | D:3      | Noticed Natasha
  3254 | D:3      | Killed Natasha
  3254 | D:3      | Reached skill level 5 in Shields
  3434 | D:3      | Noticed Natasha
  3447 | D:3      | Killed Natasha
  3854 | D:3      | Killed Holzbalken's ghost
  3854 | D:3      | Reached skill level 5 in Fighting
  3854 | D:3      | Reached XP level 7. HP: 47/61 MP: 7/7
  4151 | D:4      | Found a glowing drain.
  4172 | Sewer    | Entered a sewer
  4218 | Sewer    | Reached skill level 6 in Shields
  4496 | Sewer    | Reached skill level 5 in Armour
  4718 | D:4      | Reached XP level 8. HP: 69/69 MP: 8/8
  5011 | D:4      | Found an ancient bone altar of Kikubaaqudgha.
  5173 | D:4      | Noticed Dowan
  5175 | D:4      | Noticed Duvessa
  5179 | D:4      | Killed Duvessa
  5185 | D:4      | Killed Dowan
  5213 | D:4      | Found a glowing silver altar of Zin.
  5302 | D:4      | Found Jookk's Armour Boutique.
  5553 | D:5      | Entered Level 5 of the Dungeon
  5688 | D:5      | Found a basalt altar of Yredelemnul.
  5743 | D:5      | Reached skill level 7 in Shields
  5835 | D:5      | Found a shattered altar of Ashenzari.
  5889 | D:5      | Found a staircase to the Ecumenical Temple.
  5918 | D:5      | Noticed Dommiel19's ghost (amateur MfGl)
  5922 | Temple   | Entered the Ecumenical Temple
  6001 | D:5      | Killed Dommiel19's ghost
  6612 | D:5      | You fall through a shaft for 3 floors!
  6612 | D:8      | Noticed Prince Ribbit
  6627 | D:8      | Reached XP level 9. HP: 62/78 MP: 9/9
  6680 | D:8      | Reached skill level 8 in Shields
  6798 | D:8      | Killed Prince Ribbit
  6922 | D:7      | Found a flagged portal.
  6949 | Bailey   | Entered a bailey
  6984 | Bailey   | HP: 2/79 [orc warrior/bolt (12)]
  7343 | D:6      | Noticed Fascinator's ghost (novice DsFi)
  7380 | D:6      | Killed Fascinator's ghost
  7380 | D:6      | Reached skill level 10 in Axes
  7550 | D:6      | Reached skill level 9 in Shields
  7691 | D:6      | Found a hide-covered altar of Uskayaw.
  7694 | D:6      | Became a worshipper of Beogh the Brigand
  7750 | D:6      | Found an opulent altar of Gozag.
  8661 | D:7      | Got a dazzling spear
  8781 | D:7      | Reached XP level 10. HP: 86/86 MP: 10/10
  8899 | D:8      | Found a hazy altar of Hepliaklqana.
  9687 | D:8      | Noticed Gunterle's ghost (novice FoFi)
  9710 | D:8      | Identified the +9 spear "Loemulei" {elec, rElec rN+ Int+2} (You found it on level 7 of the Dungeon)
  9727 | D:8      | Killed Gunterle's ghost
  9727 | D:8      | Reached skill level 10 in Shields
 10037 | D:8      | Reached * piety under Beogh
 10150 | D:8      | Noticed Joseph
 10174 | D:8      | Killed Joseph
 10174 | D:8      | Reached skill level 1 in Polearms
 10856 | D:9      | Found a burning altar of Makhleb.
 10856 | D:9      | Noticed a cacodemon
 10915 | D:9      | Reached skill level 1 in Invocations
 10918 | D:9      | Reached XP level 11. HP: 95/95 MP: 11/11
 11104 | D:9      | Noticed a two-headed ogre
 11121 | D:10     | Entered Level 10 of the Dungeon
 11136 | D:10     | Reached ** piety under Beogh
 11155 | D:10     | Killed an unseen horror
 11165 | D:10     | Noticed a two-headed ogre
 11180 | D:10     | Killed a two-headed ogre
 11180 | D:10     | Reached skill level 11 in Shields
 11283 | D:9      | Killed a two-headed ogre
 12150 | D:4      | Bought a +1 pair of gloves of strength for 231 gold pieces
 12298 | D:10     | Reached skill level 5 in Polearms
 12701 | D:10     | Found a blossoming altar of Fedhas.
 13239 | D:11     | Noticed Gastronok
 13283 | D:11     | Killed Gastronok
 13283 | D:11     | Reached XP level 12. HP: 53/105 MP: 13/15
 13751 | D:11     | Reached *** piety under Beogh
 13751 | D:11     | Reached skill level 12 in Shields
 14672 | D:11     | Reached skill level 10 in Fighting
 14697 | D:11     | Noticed a soul eater
 14760 | D:11     | Found a staircase to the Orcish Mines.
 15349 | D:11     | Found a staircase to the Lair.
 15700 | D:11     | Found Zuuk's Antique Armour Shoppe.
 16170 | D:12     | Reached skill level 5 in Invocations
 16730 | Lair:1   | Entered Level 1 of the Lair of Beasts
 17080 | Lair:1   | Reached **** piety under Beogh
 17107 | Lair:1   | Reached XP level 13. HP: 114/114 MP: 17/17
 17322 | Lair:1   | Reached skill level 13 in Shields
 18035 | Lair:2   | Reached skill level 10 in Armour
 18739 | Lair:3   | Found a staircase to the Snake Pit.
 19455 | Lair:3   | Noticed Sonja
 19457 | Lair:3   | Killed Sonja
 20165 | Lair:4   | Gained Syrus as an ally
 20199 | Lair:4   | Noticed Snorg
 20205 | Lair:4   | Killed Snorg
 20559 | Lair:4   | Found a staircase to the Shoals.
 20836 | Lair:4   | Identified 3 scrolls of acquirement
 20837 | Lair:4   | Found the +2 hat of the Bear Spirit {Spirit, +Rage rN+ MR++}
 20996 | Lair:4   | Got a smoking buckler
 21007 | Lair:4   | Identified the +3 buckler of the Kraken {+Fly Dex+2} (You acquired it on level 4 of the Lair of Beasts)
 21037 | Lair:5   | Found a transporter.
 21288 | Lair:5   | Reached skill level 14 in Shields
 21429 | Lair:5   | Found a transporter.
 21621 | Lair:5   | Reached XP level 14. HP: 109/124 MP: 19/19
 21638 | Lair:5   | Reached ***** piety under Beogh
 21787 | Lair:5   | Found a staircase to the Slime Pits.
 22189 | Lair:6   | Entered Level 6 of the Lair of Beasts
 23093 | Lair:6   | Noticed a dire elephant
 23093 | Lair:6   | Noticed a dire elephant
 23102 | Lair:6   | Killed a dire elephant
 23107 | Lair:6   | Killed a dire elephant
 23189 | Lair:6   | Noticed a dire elephant
 23191 | Lair:6   | Noticed a dire elephant
 23203 | Lair:6   | Killed a dire elephant
 23247 | Lair:6   | Noticed a dire elephant
 23253 | Lair:6   | Killed a dire elephant
 23259 | Lair:6   | Killed a dire elephant
 23415 | Lair:6   | Reached skill level 15 in Shields
 23485 | Lair:6   | Noticed a dire elephant
 23496 | Lair:6   | Killed a dire elephant
 23949 | D:11     | Bought a glowing large shield for 202 gold pieces
 24536 | D:13     | Found a gate to the Vaults.
 24692 | D:13     | Reached XP level 15. HP: 134/134 MP: 22/22
 25178 | D:14     | Gained Wargrak as an ally
 25178 | D:14     | Reached skill level 10 in Invocations
 25497 | D:14     | Noticed a storm dragon
 25516 | D:14     | Killed a storm dragon
 25516 | D:14     | Gained Arbolt as an ally
 25528 | D:14     | Noticed a tengu reaver
 25528 | D:14     | Gained Boderik as an ally
 25533 | D:14     | Your ally Syrus died
 25538 | D:14     | Killed a tengu reaver
 25540 | D:14     | Your ally Arbolt died
 25664 | D:14     | Reached skill level 16 in Shields
 26119 | D:14     | Identified Sif Muna's Compendium of the Blaze
 26584 | Snake:1  | Entered Level 1 of the Snake Pit
 26737 | Snake:1  | Your ally Boderik died
 27083 | Snake:1  | Noticed Schimscham's ghost (adept DsFE)
 27099 | Snake:1  | Killed Schimscham's ghost
 27599 | Snake:1  | Reached skill level 10 in Polearms
 28215 | Snake:1  | Noticed Roxanne
 29024 | Snake:2  | Reached XP level 16. HP: 126/144 MP: 20/24
 29628 | Snake:2  | Reached skill level 17 in Shields
 30546 | Snake:3  | Noticed Agnes
 30552 | Snake:3  | Killed Agnes
 30850 | Snake:3  | Noticed a nagaraja
 30864 | Snake:3  | Killed a nagaraja
 31758 | Snake:4  | Entered Level 4 of the Snake Pit
 32749 | Snake:4  | Noticed a nagaraja
 32759 | Snake:4  | Killed a nagaraja
 32966 | Snake:4  | Noticed a nagaraja
 32990 | Snake:4  | Killed a nagaraja
 32991 | Snake:4  | Noticed a nagaraja
 32996 | Snake:4  | Noticed a nagaraja
 33003 | Snake:4  | Killed a nagaraja
 33017 | Snake:4  | Killed a nagaraja
 33058 | Snake:4  | Reached XP level 17. HP: 112/154 MP: 26/26
 33348 | Snake:4  | Reached skill level 18 in Shields
 33962 | Snake:4  | Got a serpentine rune of Zot
 34959 | Snake:4  | Reached skill level 15 in Fighting
 35531 | Snake:1  | Killed Roxanne
 35533 | Snake:1  | Identified Roxanne's Incunabulum of Transmigration (You took it off Roxanne on level 1 of the Snake Pit)
 35617 | Shoals:1 | Entered Level 1 of the Shoals
 35858 | Shoals:1 | Reached ****** piety under Beogh
 36158 | Shoals:1 | Noticed Aizul
 36168 | Shoals:1 | Killed Aizul
 37083 | Shoals:2 | Reached XP level 18. HP: 141/163 MP: 21/28
 37227 | Shoals:2 | Reached skill level 19 in Shields
 38110 | Shoals:3 | Found Siamoko's Island Escapes.
 38650 | Shoals:3 | Noticed Mara
 38655 | Shoals:3 | Noticed WBergamot's illusion
 38690 | Shoals:3 | Killed Mara
 39491 | Shoals:4 | Entered Level 4 of the Shoals
 40164 | Shoals:4 | Noticed Ilsuiw
 40183 | Shoals:4 | Noticed Jorgrun
 40194 | Shoals:4 | Killed Ilsuiw
 40210 | Shoals:4 | Killed Jorgrun
 40583 | Shoals:4 | Got a dazzling helmet
 40584 | Shoals:4 | Identified the +0 helmet of the Commoners {Str+2 Int+4} (You acquired it on level 4 of the Shoals)
 41572 | Shoals:4 | HP: 3/166 [water nymph/the raging water (35)]
 41573 | Shoals:4 | Killed from afar by a water nymph

Skill      XL: |  1  2  3  4  5  6  7  8  9 10 11 12 13 14 15 16 17 18 |
---------------+-------------------------------------------------------+-----
Axes           | 3 4 5 7 8 10 11 12 13 14 | 14.6
Fighting       | 4 5 6 7 8 9 10 11 12 13 14 15 16 | 16.0
Shields        | 4 5 6 7 9 10 11 12 14 15 16 17 18 19 | 19.8
Armour         | 4 5 6 7 8 9 10 11 12 13 14 | 14.8
Polearms       | 3 6 8 9 10 11 12 13 | 13.1
Invocations    | 1 4 6 7 9 11 12 13 14 | 14.8

Action                   |  1- 3 |  4- 6 |  7- 9 | 10-12 | 13-15 | 16-18 || total
-------------------------+-------+-------+-------+-------+-------+-------++-------
Melee: War axe           |   116 |   206 |   387 |   116 |   117 |   130 ||  1072
       Spear             |       |       |       |   649 |   741 |  1214 ||  2604
       Trident           |       |       |       |       |    83 |       ||    83
 Fire: Hunting sling     |       |       |       |     5 |       |       ||     5
Invok: Convert to Beogh  |       |       |     1 |       |       |       ||     1
       Smiting           |       |       |       |    15 |    32 |    20 ||    67
       Recall Orcish Fol |       |       |       |       |     6 |    19 ||    25
       Give Item to Name |       |       |       |       |       |     1 ||     1
Evoke: Wand              |       |       |       |     2 |     3 |     3 ||     8
  Use: Scroll            |       |       |    15 |     9 |    23 |    15 ||    62
       Potion            |       |       |     3 |     6 |     4 |    18 ||    31
 Stab: Distracted        |       |       |       |     1 |     5 |     9 ||    15
  Eat: Chunk             |     2 |     8 |    12 |     7 |    19 |    13 ||    61
       Ration            |       |       |     1 |     6 |     6 |     8 ||    21
Armor: Scale mail        |    57 |    98 |       |       |       |       ||   155
       Chain mail        |       |    50 |   204 |    44 |       |       ||   298
       Plate armour      |       |       |       |   231 |   174 |       ||   405
       Crystal plate arm |       |       |       |       |    30 |   367 ||   397
Dodge: Dodged            |    34 |    62 |    68 |   104 |    71 |    94 ||   433
       Deflected         |       |       |       |       |     2 |    37 ||    39
Block: Shield            |    58 |   138 |   207 |   298 |    97 |       ||   798
       Reflection        |       |       |       |       |    38 |   245 ||   283
       Large shield      |       |       |       |       |   444 |  1421 ||  1865
